[Event "Anderssen Festival 2019"]
[Site "Wroclaw"]
[Date "2019.08.11"]
[Round "9.12"]
[White "Zgadzaj, Rafal"]
[Black "Kawalko, Adam"]
[Result "0-1"]
[ECO "A26"]
[WhiteElo "2133"]
[BlackElo "1920"]
[Annotator "NA"]
[PlyCount "74"]
[EventDate "2019.08.05"]
[EventType "swiss"]
[EventCountry "POL"]
[SourceTitle "playchess.com"]
[Source "ChessBase"]
[SourceQuality "1"]
[TimeControl "40/5400+30:900+30"]

1. c4 e5 2. g3 Nc6 3. Bg2 g6 4. Nc3 Bg7 5. d3 d6 6. Rb1 f5 7. Nf3 Nf6 8. O-O O-O 9. b4 h6 10. b5 Ne7 11. Qc2 Be6 12. c5 Nfd5 13. Na4 b6 14. cxd6 cxd6 15. Ba3 Rc8 16. Qd2 Qd7 17. e4 Nc7 18. Qb4 Rfd8 19. Nc3 Kf7 20. d4 d5 21. exf5 Bxf5 22. Rbe1 e4 23. Nh4 Ne6 24. Ne2 Rc4 25. Qd2 Nxd4 26. f3 Nxe2+ 27. Qxe2 e3 28. g4 Be6 29. Bxe7 Qxe7 30. Nxg6 Kxg6 31. Qd3+ Kf7 32. f4 Rc3 33. Qd1 d4 34. f5 Bc4 35. f6 Bxf6 36. g5 e2 37. Qb1 Bd3 0-1

[Event "Anderssen Festival 2019"]
[Site "Wroclaw"]
[Date "2019.08.11"]
[Round "9.13"]
[White "Klonowski, Arkadiusz"]
[Black "Luberanski, Jakub"]
[Result "0-1"]
[ECO "A06"]
[WhiteElo "1628"]
[BlackElo "2010"]
[Annotator "NA"]
[PlyCount "117"]
[EventDate "2019.08.05"]
[EventType "swiss"]
[EventCountry "POL"]
[SourceTitle "playchess.com"]
[Source "ChessBase"]
[SourceQuality "1"]
[TimeControl "40/5400+30:900+30"]

1. Nf3 d5 2. c4 c6 3. g3 Nf6 4. Bg2 Bf5 5. cxd5 cxd5 6. O-O Nc6 7. d4 e6 8. a3 Bd6 9. Nc3 O-O 10. b4 h6 11. Bb2 Bh7 12. Rc1 Rc8 13. e3 Nd7 14. Na4 Nb6 15. Nd2 Bd3 16. Nxb6 Qxb6 17. Re1 a5 18. Qb3 Ba6 19. bxa5 Qxb3 20. Nxb3 Bc4 21. Rc3 Ra8 22. Bf1 Bxf1 23. Kxf1 Nxa5 24. Nxa5 Rxa5 25. Rb3 Rb8 26. Ra1 Ra4 27. Ke2 Kf8 28. Kd3 Ke7 29. Bc3 Rc4 30. Bb4 Rbc8 31. Bxd6+ Kxd6 32. Rb6+ R8c6 33. Rxc6+ Kxc6 34. Rb1 b5 35. h4 Kb6 36. g4 Ka5 37. f3 f6 38. e4 e5 39. dxe5 dxe4+ 40. fxe4 fxe5 41. Rf1 Ka4 42. Rf7 Kxa3 43. Rxg7 Rd4+ 44. Kc3 b4+ 45. Kc2 Rc4+ 46. Kd3 Rd4+ 47. Kc2 Rc4+ 48. Kd3 Rc3+ 49. Kd2 Rh3 50. g5 Rxh4 51. gxh6 Rxh6 52. Rg5 Rd6+ 53. Ke3 b3 54. Rxe5 b2 55. Rb5 Rd1 56. e5 b1=Q 57. Rxb1 Rxb1 58. Kf4 Kb4 59. Ke3 0-1

[Event "Anderssen Festival 2019"]
[Site "Wroclaw"]
[Date "2019.08.11"]
[Round "9.14"]
[White "Ochman, Sebastian"]
[Black "Korpalski, Maciej"]
[Result "1-0"]
[ECO "E81"]
[WhiteElo "1789"]
[BlackElo "1954"]
[Annotator "NA"]
[PlyCount "69"]
[EventDate "2019.08.05"]
[EventType "swiss"]
[EventCountry "POL"]
[SourceTitle "playchess.com"]
[Source "ChessBase"]
[SourceQuality "1"]
[TimeControl "40/5400+30:900+30"]

1. d4 Nf6 2. c4 g6 3. Nc3 Bg7 4. e4 d6 5. f3 O-O 6. Be3 a6 7. Qd2 Nc6 8. O-O-O Bd7 9. h4 h5 10. Bh6 e5 11. Nge2 Na5 12. Bxg7 Kxg7 13. dxe5 dxe5 14. Ng3 Qe8 15. Nd5 Nxd5 16. Qxd5 Ba4 17. Qxa5 Bxd1 18. Kxd1 Rd8+ 19. Kc2 Qe7 20. Bd3 Rd7 21. Ne2 Rfd8 22. Rd1 b6 23. Qc3 Kh7 24. Qe1 Qc5 25. Qg1 Qa5 26. Nc3 b5 27. Qc5 c6 28. Qxc6 b4 29. Nd5 Rd6 30. Qc7 Qa4+ 31. Kc1 Kg7 32. Qe7 Qxa2 33. Qxe5+ Kh7 34. Nxb4 Qa1+ 35. Kd2 1-0

[Event "Anderssen Festival 2019"]
[Site "Wroclaw"]
[Date "2019.08.11"]
[Round "9.15"]
[White "Gorny, Michael"]
[Black "Wang, Ruiming"]
[Result "1/2-1/2"]
[ECO "A56"]
[WhiteElo "2067"]
[BlackElo "1853"]
[Annotator "NA"]
[PlyCount "66"]
[EventDate "2019.08.05"]
[EventType "swiss"]
[EventCountry "POL"]
[SourceTitle "playchess.com"]
[Source "ChessBase"]
[SourceQuality "1"]
[TimeControl "40/5400+30:900+30"]

1. d4 Nf6 2. c4 c5 3. e3 cxd4 4. exd4 g6 5. Nc3 Bg7 6. Nf3 O-O 7. Be2 d5 8. O-O dxc4 9. Bxc4 Bg4 10. d5 Nbd7 11. Re1 Rc8 12. Bb3 Nc5 13. h3 Bxf3 14. Qxf3 Nxb3 15. axb3 a6 16. Bg5 h6 17. Be3 Nd7 18. d6 exd6 19. Qxb7 Nc5 20. Qd5 Qb6 21. Ra3 Rfe8 22. Rd1 Qb4 23. Bd4 Rcd8 24. Qc4 Rb8 25. Qxb4 Rxb4 26. Bxg7 Kxg7 27. Rxd6 Nxb3 28. g3 Nc1 29. Rd2 Reb8 30. Rc2 Nd3 31. Nd1 Nxb2 32. Nxb2 Rxb2 33. Rxb2 Rxb2 1/2-1/2

[Event "Anderssen Festival 2019"]
[Site "Wroclaw"]
[Date "2019.08.11"]
[Round "9.16"]
[White "Zerebiec, Maurycy"]
[Black "Malecki, Rafal"]
[Result "0-1"]
[ECO "A25"]
[WhiteElo "1708"]
[BlackElo "2063"]
[Annotator "NA"]
[PlyCount "96"]
[EventDate "2019.08.05"]
[EventType "swiss"]
[EventCountry "POL"]
[SourceTitle "playchess.com"]
[Source "ChessBase"]
[SourceQuality "1"]
[TimeControl "40/5400+30:900+30"]

1. c4 e5 2. Nc3 Nc6 3. g3 d6 4. Bg2 Be6 5. d3 Qd7 6. e4 g6 7. Nge2 Bg7 8. Be3 Nge7 9. Qd2 Nd4 10. Nd5 Nxe2 11. Qxe2 O-O 12. O-O Nc8 13. Qd2 c6 14. Nc3 Ne7 15. Rac1 f5 16. f4 fxe4 17. Nxe4 Nf5 18. fxe5 Bxe5 19. Ng5 Nxe3 20. Rxf8+ Rxf8 21. Nxe6 Qxe6 22. Qxe3 Qg4 23. Kh1 Bxb2 24. Rb1 Bd4 25. Qe7 Rf7 26. Qxd6 Kg7 27. h3 Qd7 28. Qxd7 Rxd7 29. Kh2 Be5 30. Be4 Rf7 31. Kg2 Bd4 32. Rf1 Rc7 33. Rb1 Kf6 34. Rf1+ Ke5 35. Rf8 Bc5 36. Rd8 Rf7 37. Bf3 Bb6 38. Rh8 Kd4 39. Be4 Kc3 40. h4 Kb2 41. h5 gxh5 42. Kh3 Kxa2 43. Rxh7 Rxh7 44. Bxh7 a5 45. Kh4 a4 46. Bf5 a3 47. c5 Bxc5 48. Kxh5 Kb2 0-1

[Event "Anderssen Festival 2019"]
[Site "Wroclaw"]
[Date "2019.08.11"]
[Round "9.17"]
[White "Verwoert, Jef"]
[Black "Lesniak, Szymon"]
[Result "1-0"]
[ECO "A05"]
[WhiteElo "2034"]
[BlackElo "1534"]
[Annotator "NA"]
[PlyCount "105"]
[EventDate "2019.08.05"]
[EventType "swiss"]
[EventCountry "POL"]
[SourceTitle "playchess.com"]
[Source "ChessBase"]
[SourceQuality "1"]
[TimeControl "40/5400+30:900+30"]

1. Nf3 Nf6 2. g3 c5 3. Bg2 g6 4. O-O Bg7 5. d4 cxd4 6. Nxd4 O-O 7. Nc3 Nc6 8. Nb3 d6 9. a4 Be6 10. a5 Qd7 11. Re1 Rfd8 12. a6 bxa6 13. Nd4 Nxd4 14. Bxa8 Nxc2 15. Qxc2 Rxa8 16. Rxa6 Qb7 17. Qd3 Rc8 18. Ra4 Bd7 19. Qa6 Qa8 20. Rc4 Rxc4 21. Qxc4 Bh3 22. e4 a5 23. b3 Ng4 24. Qd5 Qc8 25. Ne2 Ne5 26. Nd4 Be6 27. Qxa5 Nd3 28. Nxe6 Nxe1 29. Qd8+ Qxd8 30. Nxd8 Bc3 31. Nc6 Nd3 32. Nxe7+ Kf8 33. Bg5 Nc5 34. Nd5 Bd4 35. Be7+ Ke8 36. Bxd6 Nxe4 37. Bf4 Nxf2 38. Kf1 Nd3 39. Bd2 Kd7 40. Ke2 Nc5 41. b4 Nb3 42. Bc3 Bg1 43. h3 h5 44. Kd3 Kd6 45. Kc4 Nc1 46. Nf6 Ne2 47. Ne4+ Kc6 48. b5+ Kb6 49. Bf6 Bh2 50. Bd8+ Kb7 51. Nd6+ Kb8 52. b6 Bxg3 53. Bc7+ 1-0

[Event "Anderssen Festival 2019"]
[Site "Wroclaw"]
[Date "2019.08.11"]
[Round "9.18"]
[White "Socha, Kamil"]
[Black "Czyz, Andrzej"]
[Result "0-1"]
[ECO "A05"]
[WhiteElo "1741"]
[BlackElo "2000"]
[Annotator "NA"]
[PlyCount "90"]
[EventDate "2019.08.05"]
[EventType "swiss"]
[EventCountry "POL"]
[SourceTitle "playchess.com"]
[Source "ChessBase"]
[SourceQuality "1"]
[TimeControl "40/5400+30:900+30"]

1. Nf3 Nf6 2. g3 d5 3. d4 Bf5 4. Bg2 e6 5. O-O h6 6. c4 c6 7. Qb3 Qb6 8. Nc3 Nbd7 9. c5 Qc7 10. Bf4 Qc8 11. Nh4 Bh7 12. Nf3 Be7 13. Qd1 O-O 14. b4 Ne4 15. Nxe4 Bxe4 16. Nd2 Bxg2 17. Kxg2 Bf6 18. Nf3 Re8 19. Be5 Bd8 20. Qd3 f6 21. Bd6 Bc7 22. Bxc7 Qxc7 23. e4 dxe4 24. Qxe4 f5 25. Qe2 Nf6 26. Rfe1 Rad8 27. a4 Qd7 28. b5 Qd5 29. bxc6 bxc6 30. Rab1 Re7 31. Kg1 Ne4 32. Qa6 Nc3 33. Ne5 Nxb1 34. Nxc6 Ree8 35. Rxb1 Rd7 36. Rb7 Rxb7 37. Qxb7 Qe4 38. Qd7 Rf8 39. Nd8 Rf6 40. Qe8+ Kh7 41. Nf7 Qxd4 42. h4 f4 43. h5 Qd1+ 44. Kg2 Qxh5 45. Qh8+ Kg6 0-1

[Event "Anderssen Festival 2019"]
[Site "Wroclaw"]
[Date "2019.08.11"]
[Round "9.19"]
[White "Rog, Mateusz"]
[Black "Jablonska, Sabina"]
[Result "1-0"]
[ECO "B00"]
[WhiteElo "1473"]
[BlackElo "1963"]
[Annotator "NA"]
[PlyCount "73"]
[EventDate "2019.08.05"]
[EventType "swiss"]
[EventCountry "POL"]
[SourceTitle "playchess.com"]
[Source "ChessBase"]
[SourceQuality "1"]
[TimeControl "40/5400+30:900+30"]

1. e4 b6 2. d4 Bb7 3. Bd3 e6 4. Nf3 Ne7 5. b3 g6 6. Bb2 Bg7 7. c4 d6 8. Qc2 Nd7 9. Nbd2 e5 10. O-O O-O 11. Rfe1 h6 12. b4 a6 13. d5 f5 14. exf5 Nxf5 15. Ne4 Kh7 16. Ng3 Qf6 17. Nxf5 gxf5 18. g4 Rf7 19. Bxf5+ Kh8 20. Rad1 c6 21. Rd3 cxd5 22. cxd5 Rc8 23. Qd2 b5 24. Be6 Re7 25. g5 Qg6 26. Nh4 Qe8 27. Nf5 Rxe6 28. dxe6 Qxe6 29. Nxg7 Kxg7 30. gxh6+ Kh7 31. Rg3 Rg8 32. Ree3 Nf6 33. Rxg8 Nxg8 34. Rg3 Be4 35. Qg5 Qg6 36. Qd8 Qe6 37. Qf8 1-0

[Event "Anderssen Festival 2019"]
[Site "Wroclaw"]
[Date "2019.08.11"]
[Round "9.20"]
[White "Partoens, Remi"]
[Black "Owoc, Jakub"]
[Result "1-0"]
[ECO "B12"]
[WhiteElo "1957"]
[BlackElo "1614"]
[Annotator "NA"]
[PlyCount "91"]
[EventDate "2019.08.05"]
[EventType "swiss"]
[EventCountry "POL"]
[SourceTitle "playchess.com"]
[Source "ChessBase"]
[SourceQuality "1"]
[TimeControl "40/5400+30:900+30"]

1. e4 c6 2. d4 d5 3. e5 c5 4. c3 Bf5 5. Ne2 e6 6. Ng3 Bg6 7. h4 h6 8. h5 Bh7 9. Bd3 Bxd3 10. Qxd3 Nc6 11. Nd2 Qb6 12. Nf3 cxd4 13. cxd4 Bb4+ 14. Bd2 Bxd2+ 15. Qxd2 Qb4 16. Rc1 Kd7 17. Rc3 Nge7 18. O-O Rac8 19. Rfc1 Qa5 20. Ne2 b6 21. a3 Qb5 22. Nh4 Na5 23. b3 Rxc3 24. Rxc3 Rc8 25. a4 Qa6 26. Rf3 Ke8 27. Nc3 Nxb3 28. Qf4 Kd7 29. Nxd5 Nc1 30. Qxf7 Ne2+ 31. Kh2 exd5 32. Ng6 Re8 33. e6+ Kd6 34. Qxe8 Qb7 35. Qd7+ Qxd7 36. exd7 Nc6 37. Rf7 Nexd4 38. Rxg7 Ne2 39. Ne7 Nd8 40. Nf5+ Ke6 41. Nxh6 d4 42. Ng4 d3 43. h6 Nc3 44. Ne3 d2 45. h7 Nd5 46. Nd1 1-0